 Dungeon Sprint DCSS version 0.31-a0-1071-gaead2f62b1 (webtiles) character file.

Game seed: 13063664046755122986

12 rocky1 the Digger (level 3, -1/21 HPs)
             Began as a Deep Elf Earth Elementalist on Nov 26, 2023.
             Was a Follower of Vehumet.
             Slain by an orc warrior
             ... wielding a +0 halberd
              (13 damage)
             ... in the Dungeon (Sprint VI: "Thunderdome").
             The game lasted 00:01:56 (140 turns).

rocky1 the Digger (Deep Elf Earth Elementalist)      Turns: 140, Time: 00:01:57

Health: -1/21      AC:  2    Str:  7    XL:     3   Next: 85%
Magic:  8/11       EV: 14    Int: 21    God:    Vehumet [*.....]
Gold:   40         SH:  5    Dex: 20    Spells: 11/12 levels left

rFire   . . .        (no weapon)
rCold   + . .        (no shield)
rNeg    + . .        a - +0 robe
rPois   .            (no helmet)
rElec   +            (no cloak)
rCorr   .            (no gloves)
SInv    +            (no boots)
Will    .....        o - amulet "Bexiulou" {Reflect rElec rN+ SH+5}
Stlth   ++           l - ring "Zuoriril" {rC+ Str+2 Dex+5 Slay-3 Stlth-}
HPRegen 0.23/turn    n - ring "Qiduss" {Fly SInv}
MPRegen 0.12/turn

%: no teleportation, reflection
@: flying
A: no striking features
a: Renounce Religion


You were in the Dungeon.
You worshipped Vehumet.
Vehumet was aware of your devotion.
You visited 1 branch You collected 220 gold pieces.
You spent 180 gold pieces at shops.

Inventory:

Armour
 a - a +0 robe (worn)
Jewellery
 l - the ring "Zuoriril" (left hand) {rC+ Str+2 Dex+5 Slay-3 Stlth-}
   (You bought it in a shop in the Dungeon)

   [ring of protection from cold]

   Str+2:     It affects your strength (+2).
   Dex+5:     It affects your dexterity (+5).
   Slay-3:    It affects your accuracy & damage with ranged weapons and melee
   (-3).
   rC+:       It protects you from cold.
   Stlth-:    It makes you less stealthy.
 m - the amulet "Pizxeuc" {Spirit Harm rN+++ Dex-3 Stlth-}
   (You bought it in a shop in the Dungeon)

   [amulet of guardian spirit]

   Spirit:    It causes incoming damage to be divided between your reserves of
   health and magic.
   Dex-3:     It affects your dexterity (-3).
   rN+++:     It renders you almost immune to negative energy.
   Harm:      It increases damage dealt and taken.
   Stlth-:    It makes you less stealthy.
 n - the ring "Qiduss" (right hand) {Fly SInv}
   (You bought it in a shop in the Dungeon)

   [ring of flight]

   SInv:      It lets you see invisible.
   Fly:       It grants you flight.
 o - the amulet "Bexiulou" (around neck) {Reflect rElec rN+ SH+5}
   (You bought it in a shop in the Dungeon)

   [amulet of reflection]

   Reflect:   It reflects blocked missile attacks.
   rElec:     It insulates you from electricity.
   rN+:       It protects you from negative energy.
   SH+5:      It affects your SH (+5).
Wands
 i - a wand of quicksilver (3)
 j - a wand of roots (4)
Scrolls
 g - 3 scrolls of blinking
 k - 3 scrolls of fog
Potions
 b - 3 potions of magic
 c - a potion of curing
 d - 4 potions of heal wounds
 e - 4 potions of haste
 f - a potion of berserk rage
 h - a potion of resistance


   Skills:
 + Level 2.1 Fighting
 + Level 4.3 Dodging
 - Level 3.3 Stealth
 + Level 5.1 Spellcasting
 + Level 3.0 Conjurations
 - Level 1.1 Transmutations
 + Level 5.4 Earth Magic


You had 11 spell levels left.
You knew the following spells:

 Your Spells              Type           Power      Damage    Failure   Level
a - Sandblast             Erth           56%        2d13      1%          1

Your spell library contained the following spells:

 Spells                   Type           Power      Damage    Failure   Level
 Kiss of Death            Conj/Necr      44%        2d8       6%          1
 Passwall                 Tmut/Erth      15%        N/A       4%          2
 Stone Arrow              Conj/Erth      46%        3d9       5%          3
 Brom's Barrelling Bould  Conj/Erth      23%        2d4       19%         4
 Petrify                  Tmut/Erth      19%        N/A       28%         4


Dungeon Overview and Level Annotations

Branches:
Dungeon (1/1)

Altars:
Cheibriados
Dithmenos
Fedhas
Gozag
Kikubaaqudgha
Makhleb
Okawaru
Qazlal
Ru
Sif Muna
Trog
Uskayaw
Vehumet
Wu Jian
Xom
Yredelemnul
Zin
The Shining One
Lugonu

Shops:
D *[=??*?*:[((!!!!


Message History

An orc warrior comes into view. It is wielding a +0 halberd.
The orc warrior shouts!
Aiming: Sandblast (safe; 1% risk of failure)
Press: ? - help, Q - select action, (/) - cycle Shift-Dir - straight line, f - orc warrior
Aim: an orc warrior, wielding a +0 halberd and wearing a +0 plate armour (83% to hit)
Okay, then.
Aiming: Sandblast (safe; 1% risk of failure)
Press: ? - help, Q - select action, (/) - cycle Shift-Dir - straight line, f - orc warrior
Aim: an orc warrior, wielding a +0 halberd and wearing a +0 plate armour (83% to hit)
Okay, then.
Aiming: Fastroot
Press: ? - help, Shift-Dir - straight line, f - orc warrior
Aim: an orc warrior, wielding a +0 halberd and wearing a +0 plate armour The roots erupt in riotous growth!
Roots grab the orc warrior.
The grasping roots constrict the orc warrior.
The orc warrior barely misses you.
Aiming: Sandblast (safe; 1% risk of failure)
Press: ? - help, Q - select action, (/) - cycle Shift-Dir - straight line, f/p - orc warrior
Aim: an orc warrior, wielding a +0 halberd and wearing a +0 plate armour (lightly wounded, constricted by roots, 100% to hit)
The blast of sand hits the orc warrior!
The orc warrior is heavily wounded.
The grasping roots constrict the orc warrior, but do no damage.
The roots release their grip on the orc warrior.
The orc warrior hits you from afar with a +0 halberd.
Aiming: Sandblast (safe; 1% risk of failure)
Press: ? - help, Q - select action, (/) - cycle Shift-Dir - straight line, f/p - orc warrior
Aim: an orc warrior, wielding a +0 halberd and wearing a +0 plate armour (heavily wounded, 83% to hit)
The blast of sand hits the orc warrior but does no damage.
The orc warrior is heavily wounded.
You block the orc warrior's attack.
The orc warrior hits you from afar with a +0 halberd.
Aiming: Sandblast (safe; 1% risk of failure)
Press: ? - help, Q - select action, (/) - cycle Shift-Dir - straight line, f/p - orc warrior
Aim: an orc warrior, wielding a +0 halberd and wearing a +0 plate armour (heavily wounded, 83% to hit)
The blast of sand hits the orc warrior but does no damage.
The orc warrior is heavily wounded.
The orc warrior hits you from afar with a +0 halberd!
Ouch! That really hurt!
You die...

#.....# ##.....## ##∩.....∩##
#∩..)....∩# #_......._#
#_......._# #_......._#
###.........### #§.o.@.......⌠#
######.8.........8.######
##∩.__......###......___∩##
###∩........8.# #.8......).∩##
##.............###.............
#⌠..........###...###..........
#⌠..........# #.<.# #..........
#⌠..........###...###..........
##....†........###.............


You could see an orc warrior.

Vanquished Creatures
  A scorpion (D)
  A dart slug (D)
  A hobgoblin (D)
  A kobold (D)
  A goblin (D)
5 creatures vanquished.

Notes
Turn   | Place    | Note
-------+----------+-------------------------------------------
     0 | D        | rocky1 the Deep Elf Earth Elementalist began the quest for
                  | the Orb.
     0 | D        | Reached XP level 1. HP: 10/10 MP: 6/6
     3 | D        | Found a glowing golden altar of the Shining One.
     3 | D        | Found a blossoming altar of Fedhas.
     4 | D        | Found a burning altar of Makhleb.
     4 | D        | Found an ancient bone altar of Kikubaaqudgha.
     5 | D        | Round 1.
     6 | D        | Found Xoede's Timeless Talismans.
     6 | D        | Found a sacrificial altar of Ru.
     6 | D        | Found Rathrealuo's Identification Station.
     7 | D        | Found an ornate altar of the Wu Jian Council.
     8 | D        | Found Qeill's Magic Scroll Shop.
     9 | D        | Found a shadowy altar of Dithmenos.
     9 | D        | Found a basalt altar of Yredelemnul.
     9 | D        | Found an opulent altar of Gozag.
     9 | D        | Found Ypnuoly's Staff Store.
     9 | D        | Found Kixam's Magic Scroll Shop.
     9 | D        | Found Iddasof's Must-Have Magic.
    15 | D        | Found a radiant altar of Vehumet.
    16 | D        | Found a stormy altar of Qazlal.
    22 | D        | Found a glowing silver altar of Zin.
    22 | D        | Found Nytyah's Distillery.
    22 | D        | Found Laijec's Distillery.
    23 | D        | Found Beisofe's Bottled Wisdom.
    25 | D        | Became a worshipper of Vehumet
    27 | D        | Found a shimmering altar of Xom.
    27 | D        | Found a hide-covered altar of Uskayaw.
    27 | D        | Found a corrupted altar of Lugonu.
    27 | D        | Found Hesogucy's Do-It-Yourself Clinic.
    32 | D        | Found a snail-covered altar of Cheibriados.
    47 | D        | Found Ehurha's Weapon Rack.
    48 | D        | Found Duppo's Basic Armour.
    48 | D        | Found Numeuso's Miscellaneous Merchandise.
    49 | D        | Found a bloodstained altar of Trog.
    49 | D        | Found an iron altar of Okawaru.
    49 | D        | Found a shimmering blue altar of Sif Muna.
    49 | D        | Found Vaweuc's Premium Goods.
    55 | D        | Noticed a scorpion
    63 | D        | Killed a scorpion
    63 | D        | Reached * piety under Vehumet
    63 | D        | Offered knowledge of Kiss of Death by Vehumet.
    64 | D        | Reached skill level 5 in Spellcasting
    64 | D        | Reached skill level 5 in Earth Magic
    64 | D        | Reached XP level 2. HP: 15/17 MP: 3/10
    64 | D        | Reached XP level 3. HP: 18/21 MP: 3/11
    71 | D        | Found Biokhext's Advanced Armour.
    71 | D        | Found Ruwnawor's Jewellery.
    72 | D        | Arena points: 12 (+12) [x2]
    92 | D        | Bought a bound tin ring for 45 gold pieces
    92 | D        | Identified the ring "Zuoriril" {rC+ Str+2 Dex+5 Slay-3
                  | Stlth-} (You bought it in a shop in the Dungeon)
    92 | D        | Bought a transparent tin amulet for 45 gold pieces
    92 | D        | Identified the amulet "Pizxeuc" {Spirit Harm rN+++ Dex-3
                  | Stlth-} (You bought it in a shop in the Dungeon)
    92 | D        | Bought a bound lead ring for 45 gold pieces
    92 | D        | Identified the ring "Qiduss" {Fly SInv} (You bought it in a
                  | shop in the Dungeon)
    94 | D        | Bought a sparkling emerald amulet for 45 gold pieces
    94 | D        | Identified the amulet "Bexiulou" {Reflect rElec rN+ SH+5}
                  | (You bought it in a shop in the Dungeon)
   134 | D        | Round 2.
   135 | D        | Noticed an orc warrior
   140 | D        | Slain by an orc warrior

Illustrated notes

Levels and vault maps discovered:
D:        arena_sprint

Skill      XL: |  1 |
---------------+----+-----
Stealth        | 3 |  3.3
Earth Magic    | 5 |  5.4
Fighting       | 2 |  2.1
Dodging        | 4 |  4.3
Spellcasting   | 5 |  5.1
Conjurations   | 3 |  3.0
Transmutations | |  1.1

Action                     || total
---------------------------++-------
   Cast: Sandblast         ||     9
  Evoke: Wand              ||     3
    Use: Scroll            ||     1
 Armour: Robe              ||     4
  Dodge: Dodged            ||     2
  Block: Other             ||     1

Table legend: (Time is in decaauts)
 A = Elapsed time spent in this place.
 B = Non-inter-level travel time spent in this place.
 C = Inter-level travel time spent in this place.
 D = Time resting spent in this place.
 E = Time spent auto-exploring this place.
 F = Levels seen in this place.
 G = Mean time per level.
                   A        B        C        D        E       F      G
               +--------+--------+--------+--------+--------+-----+--------+
         Total |    143 |    143 |      0 |     21 |      0 |   1 |  143.0 |
       Dungeon |    143 |    143 |      0 |     21 |      0 |   1 |  143.0 |
               +--------+--------+--------+--------+--------+-----+--------+

Top non-repeatable levels by time:
       D: 143 daAuts
